[Event "Team 45 45 League T25"]
[Site "Internet Chess Club"]
[Date "2005.01.18"]
[Round "5"]
[White "SeanT"]
[Black "WannaB"]
[Result "1-0"]
[WhiteElo "1379"]
[BlackElo "1132"]
[TimeControl "2700+45"]

1. e4 c5 2. Bc4 e6 3. Nf3 Nc6 4. d3 d5 5. exd5 exd5 6. Qe2+ Qe7 7. Qxe7+ Bxe7 8.
Bxd5 Nd4 9. Nxd4 cxd4 10. O-O Nf6 11. Bc4 O-O 12. Bg5 a6 13. Nd2 b5 14. Bb3 a5
15. a3 a4 16. Ba2 Bf5 17. Nf3 h6 18. Nxd4 Bd7 19. Bh4 Rfe8 20. Nf3 Be6 21. Rfe1
Bxa2 22. Rxa2 b4 23. Bxf6 Bxf6 24. Rxe8+ Rxe8 25. axb4 Ra8 26. b5 Be7 27. c4 a3
28. Kf1 Bb4 29. bxa3 Rxa3 30. Rxa3 Bxa3 31. Ke2 Kf8 32. d4 Ke7 33. Kd3 f6 34. b6
Bd6 35. c5 Bb8 36. Ke4 Kd7 37. Kd5 Kc8 38. Ke6 Kb7 39. Kf7 Kc6 40. Kxg7 Bf4 41.
Kxf6 Bb8 42. Kg6 Kd5 43. Kxh6 Ke4 44. c6 Kd5 45. c7 Bxc7 46. bxc7 {Black
resigns} 1-0

[Event "Team 45 45 League T25"]
[Site "Internet Chess Club"]
[Date "2005.01.17"]
[Round "5"]
[White "chesskel"]
[Black "GLuft"]
[Result "0-1"]
[WhiteElo "1214"]
[BlackElo "1074"]
[TimeControl "2700+45"]

1. d4 d5 2. Nf3 Nc6 3. Bf4 Bf5 4. Nbd2 f6 5. h3 e5 6. dxe5 Bb4 7. c3 Bc5 8. e3
Qe7 9. Qb3 O-O-O 10. c4 d4 11. g4 fxe5 12. gxf5 exf4 13. O-O-O dxe3 14. h4 exd2+
15. Rxd2 Rxd2 16. Nxd2 Qe1+ 17. Qd1 Qxd1+ 18. Kxd1 Bxf2 19. Bh3 Nf6 20. Ke2 Bxh4
21. Nf3 Re8+ 22. Kd2 Ne4+ 23. Kc2 Nb4+ 24. Kb3 Nf2 25. Re1 Rxe1 26. Nxe1 Nxh3
27. Kxb4 Be7+ 28. Kb3 Ng1 29. Kc2 f3 30. Nd3 Nh3 31. Kd2 f2 32. Ke2 b6 33. Ne5
Bc5 34. Nd3 Kd8 35. a3 Ke7 36. b4 Bd4 37. Kf1 Kf6 38. c5 g5 39. fxg6 hxg6 40. c6
g5 41. Nc1 g4 42. Ne2 Bb2 43. a4 b5 44. axb5 Ba3 45. Nc3 Ke5 46. b6 axb6 47. Nb5
Bxb4 48. Nxc7 Bd6 49. Nb5 g3 50. c7 Bxc7 51. Nxc7 Ke4 52. Nb5 Ke3 53. Nd6 Kf3
{White resigns} 0-1

[Event "Team 45 45 League T25"]
[Site "Internet Chess Club"]
[Date "2005.01.16"]
[Round "5"]
[White "hondocando"]
[Black "az2112"]
[Result "1-0"]
[WhiteElo "1589"]
[BlackElo "1725"]
[TimeControl "2700+45"]

1. e4 d6 2. d4 Nf6 3. Nc3 g6 4. Bg5 Bg7 5. e5 dxe5 6. dxe5 Nfd7 7. f4 O-O 8. Qd2
h6 9. Bh4 Nb6 10. O-O-O Qxd2+ 11. Rxd2 Nc6 12. Nf3 Nc4 13. Bxc4 Bf5 14. Nd4 Nxd4
15. Rxd4 g5 16. Bg3 Bg4 17. h3 Bf5 18. Nd5 e6 19. Ne7+ Kh7 20. Nxf5 exf5 21. Rd7
Rac8 22. Bxf7 Rfd8 23. Rhd1 {Black resigns} 1-0

[Event "Team 45 45 League T25"]
[Site "Internet Chess Club"]
[Date "2005.01.15"]
[Round "5"]
[White "GadsHill"]
[Black "foodfight"]
[Result "1-0"]
[WhiteElo "1664"]
[BlackElo "1565"]
[TimeControl "2700+45"]

1. d4 Nf6 2. c4 e6 3. Nf3 b6 4. e3 Bb7 5. Bd3 d5 6. cxd5 exd5 7. O-O Bd6 8. Nc3
O-O 9. b3 a6 10. Bb2 Nbd7 11. Rc1 Re8 12. Ne2 Ne4 13. Nf4 Ndf6 14. Ne5 c5 15. f3
Ng5 16. Qe1 cxd4 17. exd4 Nd7 18. h4 Nxe5 19. dxe5 Bc5+ 20. Kh2 Ne6 21. Nxe6
fxe6 22. f4 Be7 23. g3 Rf8 24. Qf2 Bc5 25. Qf3 Bc6 26. Qh5 h6 27. Qg6 Be8 28.
Qxe6+ Bf7 29. Qf5 g6 30. Qg4 Qe8 31. f5 h5 32. Qg5 Be7 33. Qh6 gxf5 34. Rxf5
Bxh4 35. gxh4 Be6 36. Rg1+ {Black resigns} 1-0

[Event "Team 45 45 League T25"]
[Site "Internet Chess Club"]
[Date "2005.01.14"]
[Round "5"]
[White "jacknor"]
[Black "dondel"]
[Result "0-1"]
[WhiteElo "1527"]
[BlackElo "1637"]
[TimeControl "2700+45"]

1. d4 Nf6 2. Nf3 e6 3. Bg5 c5 4. e3 Be7 5. c3 cxd4 6. exd4 O-O 7. Bd3 Qb6 8. Qc2
h6 9. Bh4 Nc6 10. Nbd2 d5 11. O-O Bd7 12. Ne5 g5 13. Bg3 Nxe5 14. Bxe5 Bb5 15.
Bxb5 Qxb5 16. f4 Ng4 17. c4 Ne3 18. Qc3 Nxc4 19. Nxc4 dxc4 20. fxg5 Bxg5 21. Qg3
Qxb2 22. h4 Qd2 23. Rad1 Qe3+ 24. Qxe3 Bxe3+ 25. Kh1 f5 26. Rf3 f4 27. g3 c3 28.
Bxf4 c2 29. Rdf1 c1=Q 30. Rxc1 Bxc1 31. Rc3 Bxf4 32. gxf4 Rxf4 33. Rc7 Rxh4+ 34.
Kg2 Rxd4 35. Re7 Rd6 36. Rxb7 Rd2+ 37. Kf3 Rf8+ {White resigns} 0-1

[Event "Team 45 45 League T25"]
[Site "Internet Chess Club"]
[Date "2005.01.15"]
[Round "5"]
[White "rgadoury"]
[Black "fuzzface"]
[Result "1-0"]
[WhiteElo "1444"]
[BlackElo "1303"]
[TimeControl "2700+45"]

1. d4 d5 2. c4 Nf6 3. Nc3 e6 4. e3 Bb4 5. Bd2 Bxc3 6. bxc3 Ne4 7. cxd5 Nxd2 8.
Qxd2 Qxd5 9. Nf3 O-O 10. c4 Qh5 11. Be2 b6 12. O-O Qa5 13. Qxa5 bxa5 14. Rab1
Ba6 15. Rb2 Nd7 16. Rfb1 f6 17. c5 Bxe2 18. Rxe2 Rab8 19. Reb2 Rxb2 20. Rxb2 Rb8
21. Rxb8+ Nxb8 22. Nd2 Nc6 23. a3 a4 24. Kf1 Na5 25. Ke1 c6 26. Ke2 g5 27. Kd3
Nb7 28. Kc3 a5 29. Ne4 Kf7 30. Nd6+ Nxd6 31. cxd6 Ke8 32. Kc4 Kd7 33. Kc5 h5 34.
h3 f5 35. g3 g4 36. h4 {Black resigns} 1-0

[Event "Team 45 45 League T25"]
[Site "Internet Chess Club"]
[Date "2005.01.16"]
[Round "5"]
[White "kevinfons"]
[Black "qs16"]
[Result "0-1"]
[WhiteElo "1517"]
[BlackElo "1652"]
[TimeControl "2700+45"]

1. c4 c5 2. Nc3 g6 3. e3 Bg7 4. Nf3 Nc6 5. Be2 e5 6. O-O Nge7 7. e4 O-O 8. Nd5
d6 9. d3 Nxd5 10. cxd5 Ne7 11. a3 a6 12. Bd2 b5 13. b4 cxb4 14. Bxb4 a5 15. Bd2
f5 16. Rb1 Bd7 17. Bg5 Bf6 18. Bxf6 Rxf6 19. h3 Rf8 20. Qd2 Kg7 21. Rfc1 Ng8 22.
Rc2 Nf6 23. Rbc1 fxe4 24. dxe4 Nxe4 25. Qe3 Nc5 26. Ng5 b4 27. axb4 axb4 28. Ne4
Ra3 29. Qg5 Nxe4 30. Qxd8 Rxd8 31. Rc7 Nf6 32. Bb5 Kh6 33. Bxd7 {White resigns}
0-1

[Event "Team 45 45 League T25"]
[Site "Internet Chess Club"]
[Date "2005.01.15"]
[Round "5"]
[White "camembert"]
[Black "alastorx"]
[Result "1/2-1/2"]
[WhiteElo "1916"]
[BlackElo "1943"]
[TimeControl "2700+45"]

1. e4 d5 2. exd5 Qxd5 3. Nc3 Qa5 4. d4 Nf6 5. Bc4 Nc6 6. d5 Ne5 7. Bb5+ Bd7 8.
Bxd7+ Nexd7 9. a3 O-O-O 10. b4 Qa6 11. Nge2 e6 12. dxe6 Bxb4 13. axb4 Qxa1 14.
e7 Rde8 15. Qd4 Rxe7 16. O-O Rhe8 17. Be3 Qa6 18. b5 Qb6 19. Qa4 Rxe3 20. fxe3
Qxe3+ 21. Kh1 h5 22. h3 Ne4 23. Rf3 Qd2 24. Qxa7 Nxc3 25. Nxc3 Re1+ 26. Kh2 Qd6+
27. g3 h4 28. Rd3 hxg3+ 29. Kg2 Qc5 30. Qxc5 Nxc5 31. Rxg3 g6 32. Rf3 f5 33. h4
Ne4 34. Nxe4 Rxe4 35. h5 gxh5 36. Rxf5 Re2+ 37. Kf3 Rxc2 38. Rxh5 Rc4 39. Ke3
Kb8 40. Kd3 Rc1 41. Kd2 Rc4 {Game drawn by mutual agreement} 1/2-1/2

[Event "Team 45 45 League T25"]
[Site "Internet Chess Club"]
[Date "2005.01.21"]
[Round "2"]
[White "NFK"]
[Black "forquesato"]
[Result "1-0"]
[WhiteElo "1770"]
[BlackElo "1751"]
[TimeControl "2700+45"]

1. e4 c5 2. c3 d5 3. exd5 Qxd5 4. d4 Nc6 5. Nf3 Bg4 6. Be2 cxd4 7. cxd4 e6 8.
Nc3 Bb4 9. O-O Qa5 10. Ne4 Nge7 11. a3 Nd5 12. Bg5 Be7 13. Bxe7 Kxe7 14. b4 Qb6
15. Nc5 Nc3 16. Qd2 Nxe2+ 17. Qxe2 Nxd4 18. Qe4 Bxf3 19. Qxd4 Bd5 20. Qh4+ f6
21. Qg4 Qc6 22. Qxg7+ Kd6 23. Nxb7+ Qxb7 24. Qg3+ e5 25. Qd3 Rhg8 26. f3 Rg6 27.
Rad1 Ke6 28. g4 Rd8 29. Qf5+ Ke7 30. h3 Be6 31. Qh5 Ke8 32. Rxd8+ Kxd8 33. Rd1+
Kc8 34. Kf2 Qf7 35. Rd6 Qf8 36. Rxe6 Rg7 {Black resigns} 1-0

[Event "Team 45 45 League T25"]
[Site "Internet Chess Club"]
[Date "2005.01.16"]
[Round "5"]
[White "Rainbird"]
[Black "Egmont"]
[Result "0-1"]
[WhiteElo "1613"]
[BlackElo "1617"]
[TimeControl "2700+45"]

1. Nf3 f5 2. g3 Nf6 3. Bg2 e6 4. d4 Be7 5. O-O O-O 6. c4 d6 7. b4 Ne4 8. Bb2 Bf6
9. Nfd2 d5 10. cxd5 exd5 11. Qb3 Kh8 12. Nf3 c6 13. b5 c5 14. dxc5 Nxc5 15. Qc2
Ne4 16. Rd1 Qb6 17. e3 Qxb5 18. Bxf6 Nxf6 19. Nd4 Qe8 20. Nxf5 Bxf5 21. Qxf5 Ne4
22. Qxd5 Nxf2 23. Rf1 Qxe3 24. Nd2 Nh3+ 25. Kh1 Qg1+ {White resigns} 0-1

[Event "Team 45 45 League T25"]
[Site "Internet Chess Club"]
[Date "2005.01.13"]
[Round "5"]
[White "chinta"]
[Black "jmc860"]
[Result "1-0"]
[WhiteElo "1630"]
[BlackElo "1526"]
[TimeControl "2700+45"]

1. e4 e6 2. Nf3 d5 3. exd5 exd5 4. d4 Nf6 5. Bg5 Nbd7 6. c4 Qe7+ 7. Be2 Qb4+ 8.
Bd2 Qxb2 9. Nc3 dxc4 10. Rb1 Qa3 11. Bxc4 a6 12. O-O Be7 13. Nd5 Nxd5 14. Bxd5
c6 15. Re1 cxd5 16. Bb4 Qxa2 17. Rxe7+ Kd8 18. Rxf7 Re8 19. Qc1 h6 20. Rb2 Qc4
21. Qb1 Nf6 22. Ba5+ {Black resigns} 1-0

[Event "Team 45 45 League T25"]
[Site "Internet Chess Club"]
[Date "2005.01.16"]
[Round "5"]
[White "trikmamak"]
[Black "Loco-Motif"]
[Result "1-0"]
[WhiteElo "2228"]
[BlackElo "1847"]
[TimeControl "2700+45"]

1. e4 e5 2. Bc4 Nf6 3. d3 Be7 4. Nf3 d6 5. O-O O-O 6. Nbd2 Bg4 7. h3 Be6 8. Bxe6
fxe6 9. c3 Nc6 10. Qb3 Qc8 11. Ng5 Nd8 12. d4 exd4 13. cxd4 h6 14. Ngf3 Kh8 15.
e5 Nd5 16. Ne4 Nf7 17. Bd2 b6 18. Rac1 c5 19. exd6 Nxd6 20. Rfe1 Nxe4 21. Rxe4
Qd7 22. Ne5 Qe8 23. Qg3 Rf6 24. dxc5 bxc5 25. Rg4 Bf8 26. Nd3 Rc8 27. Nf4 Nxf4
28. Bxf4 Kh7 29. Be5 Rg6 30. Rcc4 Rxg4 31. Rxg4 Qf7 32. Qd3+ g6 33. Rf4 Qe8 34.
Qf3 Bg7 35. Rf7 {Black resigns} 1-0

[Event "Team 45 45 League T25"]
[Site "Internet Chess Club"]
[Date "2005.01.16"]
[Round "5"]
[White "Rookmaster"]
[Black "nursey"]
[Result "0-1"]
[WhiteElo "1738"]
[BlackElo "1719"]
[TimeControl "2700+45"]

1. e4 e5 2. Nf3 Nc6 3. Bc4 Bc5 4. O-O d6 5. c3 Be6 6. Bxe6 fxe6 7. Qb3 Qc8 8.
Ng5 Nd8 9. d4 exd4 10. cxd4 Bxd4 11. Rd1 c5 12. Bf4 Qd7 13. Nd2 Nf6 14. Ngf3 Nc6
15. Bxd6 Qxd6 16. Qxb7 O-O 17. Nc4 Qd7 18. Qb3 Nxe4 19. Nfe5 Nxe5 20. Nxe5 Bxf2+
21. Kh1 Qe7 22. Rd7 Qf6 23. Rad1 Ng3+ {White resigns} 0-1

[Event "Team 45 45 League T25"]
[Site "Internet Chess Club"]
[Date "2005.01.23"]
[Round "5"]
[White "rabanito"]
[Black "Kingofknights"]
[Result "0-1"]
[WhiteElo "1439"]
[BlackElo "1640"]
[TimeControl "2700+45"]

1. e4 c6 2. d4 d5 3. Nc3 dxe4 4. Nxe4 Nd7 5. Nf3 Ngf6 6. Ng3 e6 7. Bd3 c5 8. O-O
cxd4 9. Nxd4 a6 10. Bg5 Be7 11. Re1 Nc5 12. a4 Nxd3 13. Qxd3 O-O 14. Rad1 Qa5
{White resigns} 0-1

[Event "Team 45 45 League T25"]
[Site "Internet Chess Club"]
[Date "2005.01.16"]
[Round "5"]
[White "DaveTheRook"]
[Black "mal57"]
[Result "1/2-1/2"]
[WhiteElo "1663"]
[BlackElo "1422"]
[TimeControl "2700+45"]

1. Nf3 d5 2. g3 Bd7 3. Bg2 Bc6 4. d4 Nd7 5. O-O Ngf6 6. Nc3 e6 7. Bf4 Nh5 8. Bg5
Be7 9. Bxe7 Qxe7 10. e3 O-O 11. Ne5 Nxe5 12. Qxh5 Nc4 13. b3 Nd2 14. Rfd1 Ne4
15. Nxe4 dxe4 16. c4 f5 17. Qe2 Bd7 18. Rd2 a6 19. Rad1 Rf6 20. f3 Raf8 21. fxe4
fxe4 22. Bxe4 c6 23. Bg2 Rh6 24. Rf1 Rff6 25. Rxf6 Rxf6 26. Qe1 c5 27. Bxb7 e5
28. Bd5+ Kf8 29. dxe5 Qxe5 30. Rf2 Bf5 31. e4 Bh3 32. Rxf6+ Qxf6 33. Qf2 Ke7 34.
Qxf6+ gxf6 35. Kf2 Kd6 36. Ke3 Ke5 37. Bb7 a5 38. Bd5 h6 39. Bf7 Bg4 40. Bg6 Bd1
41. Kd3 Bg4 42. Kd2 Kd4 43. Bf5 Bf3 44. Bg6 Bg4 45. Bf5 Bf3 46. Bg6 Bg2 47. Bf5
Bxe4 48. Bxe4 Kxe4 49. Ke2 f5 50. h3 h5 51. a3 f4 52. gxf4 Kxf4 53. Kf2 h4 54.
Kg2 Ke4 55. a4 Kf4 56. Kf2 Ke4 57. Ke2 Kf4 58. Kf2 Ke4 {Game drawn by mutual
agreement} 1/2-1/2

[Event "Team 45 45 League T25"]
[Site "Internet Chess Club"]
[Date "2005.01.17"]
[Round "5"]
[White "softbunney"]
[Black "Burning-Bush"]
[Result "1-0"]
[WhiteElo "2087"]
[BlackElo "2173"]
[TimeControl "2700+45"]

1. d4 Nf6 2. Nf3 c5 3. d5 e6 4. c4 exd5 5. cxd5 d6 6. Nc3 g6 7. Bf4 Bg7 8. Qa4+
Bd7 9. Qb3 Qc7 10. e4 O-O 11. Nd2 Re8 12. Be2 a6 13. a4 Ng4 14. h3 Ne5 15. O-O
Bc8 16. Bh2 g5 17. f4 gxf4 18. Bxf4 Nbd7 19. Bg5 h6 20. Be3 Rb8 21. Nf3 Ng6 22.
Qc2 Nf6 23. Nd2 Nd7 24. Nf3 Nde5 25. Nxe5 Nxe5 26. Qd2 Kh7 27. Rf4 Ng6 28. Rf2
Re7 29. Raf1 Ne5 30. Rf4 Ng6 31. R4f3 b6 32. Rg3 Be5 33. Rgf3 Bg7 34. Bd3 c4 35.
Bc2 b5 36. axb5 axb5 37. e5 Bxe5 38. Bxh6 f5 39. Qg5 Bg7 40. Rg3 Ne5 41. Rxf5
Bxf5 42. Qxf5+ Kg8 43. Qh7+ Kf8 44. Qh8+ Kf7 45. Qxg7+ Ke8 46. Qf8+ {Black
resigns} 1-0

[Event "Team 45 45 League T25"]
[Site "Internet Chess Club"]
[Date "2005.01.13"]
[Round "5"]
[White "PaulKaspar"]
[Black "Akaineco"]
[Result "1/2-1/2"]
[WhiteElo "1994"]
[BlackElo "2016"]
[TimeControl "2700+45"]

1. e4 c5 2. Nf3 e6 3. Be2 d5 4. exd5 exd5 5. d4 Nf6 6. O-O Be7 7. dxc5 Bxc5 8.
Bg5 Be6 9. Bb5+ Nc6 10. Nd4 Rc8 11. Nxe6 fxe6 12. Qe2 Kf7 13. Nc3 Nd4 14. Qd3
Nxb5 15. Qxb5 Qb6 16. Bxf6 Qxb5 17. Nxb5 gxf6 18. Rad1 a6 19. Nc3 Bb4 20. Rd3
Bxc3 21. bxc3 Rc4 22. Rb1 b5 23. Rb4 Rhc8 24. Rxc4 Rxc4 25. Rh3 h5 26. Kf1 Ra4
27. Rxh5 Rxa2 28. Rh7+ Kg6 29. Ra7 Kf5 30. Ke1 Rxc2 31. Rxa6 Rxc3 32. Kd2 b4 33.
Rb6 Rc4 34. f3 e5 35. Rb5 Ke6 36. Rb6+ Ke7 37. g4 Rf4 38. Ke3 d4+ 39. Ke2 d3+
40. Kxd3 Rxf3+ 41. Ke2 Rh3 42. Rxb4 Rxh2+ 43. Kf3 Kf7 44. Kg3 Rd2 45. Rb7+ Kg6
46. Re7 Rd3+ 47. Kh4 Rd4 48. Kg3 Rf4 49. Re8 Kf7 50. Ra8 Rd4 51. Ra7+ Ke6 52.
Ra6+ Rd6 53. Ra1 Rd3+ 54. Kg2 e4 55. Rf1 Rd5 56. Kg3 Re5 57. Re1 Kd5 58. Kf4 Kd4
59. Rd1+ Kc3 60. Ke3 Rg5 61. Kxe4 Rxg4+ 62. Kf5 {Game drawn by mutual agreement}
1/2-1/2

[Event "Team 45 45 League T25"]
[Site "Internet Chess Club"]
[Date "2005.01.17"]
[Round "5"]
[White "Zornorph"]
[Black "DocHoliday"]
[Result "1-0"]
[WhiteElo "1975"]
[BlackElo "1937"]
[TimeControl "2700+45"]

1. c4 Nf6 2. Nc3 e6 3. e4 Bb4 4. e5 Ng8 5. Qg4 g6 6. d4 d5 7. c5 Nc6 8. Bg5 Qd7
9. Bd3 b6 10. cxb6 axb6 11. Ne2 Ba6 12. Bxa6 Rxa6 13. O-O h5 14. Qf4 Be7 15.
Rfc1 Nb4 16. Qd2 c5 17. h4 Bxg5 18. hxg5 Ne7 19. dxc5 bxc5 20. f4 O-O 21. a3
Nbc6 22. Ne4 c4 23. Nf6+ {Black resigns} 1-0

[Event "Team 45 45 League T25"]
[Site "Internet Chess Club"]
[Date "2005.01.17"]
[Round "5"]
[White "EricW"]
[Black "ReelBigFish"]
[Result "1/2-1/2"]
[WhiteElo "1905"]
[BlackElo "1824"]
[TimeControl "2700+45"]

1. d4 f5 2. Nf3 Nf6 3. Bg5 Ne4 4. h4 Nxg5 5. hxg5 g6 6. c3 Bg7 7. Qb3 d5 8. e3
Be6 9. Qxb7 Nd7 10. Qc6 Kf7 11. c4 Nb6 12. Nbd2 Rb8 13. cxd5 Bxd5 14. Qc2 Qd6
15. a3 e5 16. Nc4 Nxc4 17. Bxc4 c6 18. dxe5 Bxe5 19. Bxd5+ cxd5 20. Nxe5+ Qxe5
21. Rb1 f4 22. O-O f3 23. g3 Qxg5 24. Qc7+ Qe7 25. Rfc1 Rhc8 26. Qxe7+ Kxe7 27.
b4 Rc4 28. Rxc4 dxc4 29. Rc1 Rc8 30. Rc3 Ke6 31. Kf1 h5 {Game drawn by mutual
agreement} 1/2-1/2

[Event "Team 45 45 League T25"]
[Site "Internet Chess Club"]
[Date "2005.01.16"]
[Round "5"]
[White "Frankenstein"]
[Black "DeLaSalle"]
[Result "1-0"]
[WhiteElo "2266"]
[BlackElo "2038"]
[TimeControl "2700+45"]

1. Nf3 d5 2. d4 Nf6 3. c4 c6 4. Nc3 e6 5. e3 Bd6 6. Bd3 O-O 7. e4 dxe4 8. Nxe4
Nxe4 9. Bxe4 Bb4+ 10. Bd2 Bxd2+ 11. Qxd2 Nd7 12. O-O Nf6 13. Bc2 b6 14. Rad1 Bb7
15. Qc3 Qc7 16. b4 a5 17. a3 axb4 18. axb4 Qf4 19. Ne5 Ra7 20. Qh3 Rfa8 21. g3
Qh6 22. Qxh6 gxh6 23. Rfe1 Ra2 24. Bb3 R2a3 25. Re3 h5 26. h3 Ra1 27. Ree1 R1a3
28. Re3 Ra1 29. Ree1 R1a3 30. Rd3 Kf8 31. Red1 Ke7 32. Kf1 Ne4 33. c5 Ba6 34.
Nxc6+ Kf8 35. Kg2 Bxd3 36. Rxd3 bxc5 37. dxc5 Ke8 38. Ne5 f6 39. Nc4 Ra1 40. f3
Ng5 41. b5 Re1 42. f4 Ne4 43. Nd6+ Nxd6 44. Rxd6 Ke7 45. b6 Ra3 46. Bc4 Rb1 47.
Rxe6+ Kf8 48. Rxf6+ Kg7 49. Rf7+ Kh6 50. Be2 Rc3 51. Rf5 Rb2 52. Rxh5+ Kg6 53.
Re5 Rbb3 54. Rg5+ Kf6 55. Kf2 h6 56. Re5 Rxg3 57. c6 Rxh3 58. c7 Rhc3 59. Re3
{Black resigns} 1-0

[Event "Team 45 45 League T25"]
[Site "Internet Chess Club"]
[Date "2005.01.16"]
[Round "5"]
[White "SpanishFly"]
[Black "matman"]
[Result "0-1"]
[WhiteElo "1926"]
[BlackElo "2090"]
[TimeControl "2700+45"]

1. e4 c6 2. d4 d5 3. Nc3 dxe4 4. Nxe4 Nd7 5. Ng5 Ngf6 6. Bd3 e6 7. Ne2 h6 8.
Nxe6 fxe6 9. Bg6+ Ke7 10. O-O Nb6 11. f4 Kd7 12. f5 exf5 13. Bf4 Bd6 14. Bxf5+
Kc7 15. Bg6 Bg4 16. Qd3 Nbd5 17. Be5 Rf8 18. c4 Nb4 19. Bxd6+ Qxd6 20. Qd2 Bxe2
21. Qxe2 Rad8 22. d5 cxd5 23. cxd5 Nbxd5 24. Rac1+ Kb8 25. Bf5 Rfe8 26. Qb5 Ne3
27. Rf3 Qd2 {White resigns} 0-1

[Event "Team 45 45 League T25"]
[Site "Internet Chess Club"]
[Date "2005.01.14"]
[Round "5"]
[White "NinthRank"]
[Black "Bydlo"]
[Result "0-1"]
[WhiteElo "1788"]
[BlackElo "1897"]
[TimeControl "2700+45"]

1. e4 c5 2. Nf3 e6 3. d4 cxd4 4. Nxd4 Nf6 5. Nc3 Nc6 6. Be2 Bb4 7. f3 d5 8. Nxc6
bxc6 9. Bd2 Qc7 10. exd5 exd5 11. Bd3 O-O 12. O-O Bd6 13. g3 Bh3 14. Rf2 Bc5
{White resigns} 0-1

[Event "Team 45 45 League T25"]
[Site "Internet Chess Club"]
[Date "2005.01.18"]
[Round "5"]
[White "Loco-Motif"]
[Black "WillyPete"]
[Result "1-0"]
[WhiteElo "1860"]
[BlackElo "1758"]
[TimeControl "2700+45"]

1. d4 d5 2. c4 c6 3. Nf3 Bf5 4. cxd5 cxd5 5. Qb3 Qd7 6. Ne5 Qc7 7. Nc3 e6 8. Bf4
Bd6 9. Rc1 f6 10. Nb5 Qa5+ 11. Bd2 Qd8 12. Nxd6+ Qxd6 13. Rc8+ Ke7 14. Qxb7+ Nd7
15. Bb4 {Black resigns} 1-0